[ AOE2 MATCH · #505328606 ]
UnrankedSicilians vs Mongols
Player's team · WIN
Rival team · LOSS
[ REPLAY ANALYSIS · EXTRACTED FROM THE RECORDED GAME ]
Feudal
—
Castle
—
Imperial
—
| APM avg | 40.4 |
| APM peak | 95 |
| eAPM avg | 16.4 |
| Villagers / military | 50 / 0 |
Focus
⚔️ 23.0% · 🌾 77.0%
Feudal
13:52
Castle
—
Imperial
—
| APM avg | 60.1 |
| APM peak | 112 |
| eAPM avg | 23.2 |
| Villagers / military | 36 / 0 |
Focus
⚔️ 23.7% · 🌾 76.3%
Match map
Initial resources + every placement click. Lines = walls · curves = elevation contours. ◆ gold · ⬟ stone · ● berries · ✦ relic · ◌ wall gap
Your base· ✓ Closed at 12:00 · 0t walls · 2 gate(s)
Kayo0's base· ✓ Closed at 12:00 · 0t walls · 2 gate(s)
Smoothed initial terrain · ◌ = detected wall gap · hover for details
Inputs per minute
— Liberty - - Kayo0
Build order — Liberty
62 actions detected in the replay
| 0:01 | Queue | Villager (Male) ×4 |
| 0:04 | Build | House |
| 0:08 | Build | House |
| 1:56 | Queue | Villager (Male) |
| 2:26 | Queue | Villager (Male) |
| 2:35 | Queue | Villager (Male) |
| 2:46 | Queue | Villager (Male) |
| 3:33 | Queue | Villager (Male) |
| 3:33 | Queue | Villager (Male) |
| 3:33 | Queue | Villager (Male) |
| 3:56 | Build | Lumber Camp |
| 4:01 | Build | House |
| 4:02 | Build | House |
| 4:11 | Queue | Villager (Male) |
| 4:23 | Queue | Villager (Male) |
| 4:35 | Queue | Villager (Male) |
| 4:47 | Queue | Villager (Male) |
| 4:47 | Queue | Villager (Male) |
| 6:00 | Research | Loom |
| 6:18 | Queue | Villager (Male) |
| 6:19 | Queue | Villager (Male) |
| 6:19 | Queue | Villager (Male) |
| 6:19 | Queue | Villager (Male) |
| 6:19 | Queue | Villager (Male) |
| 6:36 | Queue | Villager (Male) |
| 6:37 | Queue | Villager (Male) |
| 6:37 | Queue | Villager (Male) |
| 6:48 | Build | House |
| 8:16 | Queue | Villager (Male) |
| 9:10 | Queue | Villager (Male) |
| 9:10 | Queue | Villager (Male) |
| 10:22 | Build | Town Center |
| 11:01 | Queue | Villager (Male) |
| 11:01 | Queue | Villager (Male) |
| 11:02 | Queue | Villager (Male) |
| 11:02 | Queue | Villager (Male) |
| 11:02 | Queue | Villager (Male) |
| 11:16 | Build | Mill |
| 12:22 | Queue | Villager (Male) |
| 12:23 | Queue | Villager (Male) |
| 12:23 | Queue | Villager (Male) |
| 13:22 | Queue | Villager (Male) |
| 13:53 | Build | Palisade Wall |
| 13:58 | Build | Palisade Wall |
| 14:02 | Build | Palisade Wall |
| 14:07 | Queue | Villager (Male) |
| 14:20 | Queue | Villager (Male) |
| 14:20 | Queue | Villager (Male) |
| 14:21 | Queue | Villager (Male) |
| 14:29 | Build | House |
| 15:28 | Queue | Villager (Male) |
| 15:31 | Build | House |
| 16:53 | Queue | Villager (Male) |
| 16:53 | Queue | Villager (Male) |
| 17:05 | Queue | Villager (Male) |
| 17:31 | Build | Town Center |
| 18:23 | Queue | Villager (Male) |
| 18:25 | Queue | Villager (Male) |
| 18:25 | Queue | Villager (Male) |
| 18:26 | Queue | Villager (Male) |
| 18:26 | Queue | Villager (Male) |
| 18:26 | Queue | Villager (Male) |
Build order — Kayo0
49 actions detected in the replay
| 0:00 | Queue | Villager (Male) |
| 0:01 | Queue | Villager (Male) |
| 0:02 | Build | House |
| 0:03 | Build | House |
| 0:06 | Queue | Villager (Male) |
| 0:06 | Queue | Villager (Male) |
| 1:32 | Queue | Villager (Male) |
| 1:50 | Build | Lumber Camp |
| 2:04 | Queue | Villager (Male) |
| 2:04 | Queue | Villager (Male) |
| 2:19 | Queue | Villager (Male) |
| 2:19 | Queue | Villager (Male) |
| 2:54 | Queue | Villager (Male) |
| 2:55 | Queue | Villager (Male) |
| 3:01 | Queue | Villager (Male) |
| 3:28 | Build | House |
| 3:29 | Build | House |
| 3:44 | Queue | Villager (Male) |
| 3:44 | Queue | Villager (Male) |
| 3:58 | Queue | Villager (Male) |
| 4:27 | Queue | Villager (Male) |
| 4:48 | Queue | Villager (Male) |
| 4:50 | Queue | Villager (Male) |
| 5:04 | Queue | Villager (Male) |
| 5:10 | Build | Mill |
| 5:13 | Queue | Villager (Male) |
| 5:33 | Queue | Villager (Male) |
| 5:59 | Queue | Villager (Male) |
| 7:22 | Queue | Villager (Male) |
| 7:39 | Queue | Villager (Male) |
| 7:40 | Queue | Villager (Male) |
| 7:46 | Research | Feudal Age |
| 8:13 | Queue | Villager (Male) |
| 8:13 | Queue | Villager (Male) |
| 8:27 | Research | Loom |
| 8:52 | Queue | Villager (Male) |
| 8:53 | Queue | Villager (Male) |
| 9:54 | Queue | Villager (Male) |
| 9:54 | Queue | Villager (Male) |
| 9:54 | Queue | Villager (Male) |
| 10:08 | Queue | Villager (Male) |
| 10:08 | Queue | Villager (Male) |
| 10:08 | Queue | Villager (Male) |
| 11:09 | Queue | Villager (Male) |
| 11:37 | Research | Feudal Age |
| 11:54 | Build | Lumber Camp |
| 12:49 | Build | Mining Camp |
| 13:52 | Age | Feudal Age |
| 14:01 | Build | Watch Tower |
Match timeline
| 13:52 | Kayo0 · age_up feudal |
| 13:53 | Liberty · wall_segment Palisade Wall x1 |
| 13:58 | Liberty · wall_segment Palisade Wall x4 |
| 14:02 | Liberty · wall_segment Palisade Wall x4 |
| 18:41 | Kayo0 · resign |
[ AI ANALYSIS · 1 CREDIT ]
What really happened in this match?
Wolo.gg analyzes every decision: build order, eco, micro, common mistakes by bracket. Personalized analysis on WhatsApp or Discord in 30 seconds.
Civ guide
Sicilians
Perfil
Liberty